 Dungeon Crawl Stone Soup version 0.25.1-2-g60ff931df9 (webtiles) character file.

Game seed: 16430553356748030921

80 tempo the Magician (level 4, 0/25 HPs)
             Began as a Deep Elf Wizard on Oct 2, 2020.
             Succumbed to a worker ant's poison
             ... on level 3 of the Dungeon.
             The game lasted 00:03:10 (2901 turns).

tempo the Magician (Deep Elf Wizard)                Turns: 2901, Time: 00:03:11

Health: 0/25       AC:  2    Str:  4    XL:     4   Next: 18%
Magic:  2/13       EV: 13    Int: 24    God:
Gold:   49         SH:  0    Dex: 13    Spells: 3/14 levels left

rFire    . . .     SeeInvis .   (no weapon)
rCold    . . .     Gourm    .   (no shield)
rNeg     . . .     Faith    .   a - +0 robe
rPois    .         Spirit   .   b - +0 hat
rElec    .         Reflect  .   (no cloak)
rCorr    .         Harm     .   (no gloves)
MR       .....                  (no boots)
Stlth    ++........             (no amulet)
HPRegen  0.08/turn              (no ring)
MPRegen  0.13/turn              (no ring)

@: lethally poisoned (0 -> -4)
A: no striking features
a: no special abilities


You were on level 3 of the Dungeon.
You were not hungry.

You visited 1 branch of the dungeon, and saw 3 of its levels.

You collected 49 gold pieces.

Inventory:

Missiles
 l - 17 bolts
Armour
 a - a +0 robe (worn)
 b - a +0 hat (worn)
Wands
 h - a wand of acid (9)
Scrolls
 e - a scroll of amnesia {unknown}
 f - 2 scrolls of magic mapping {unknown}
 g - 2 scrolls of teleportation {unknown}
 i - a scroll of remove curse {unknown}
 j - 2 scrolls of identify {unknown}
 k - 2 scrolls of fear {unknown}
 m - a scroll of noise {unknown}
Potions
 n - a potion of curing {unknown}
 o - a potion of berserk rage {unknown}
Comestibles
 d - a ration
 p - 4 chunks of flesh


   Skills:
 - Level 1.0 Fighting
 - Level 1.0 Armour
 - Level 2.4 Dodging
 - Level 2.4 Stealth
 * Level 5.5 Spellcasting
 * Level 2.3 Conjurations
 - Level 1.1 Summonings
 - Level 1.1 Translocations
 + Level 0.2 Air Magic
 + Level 0.3 Poison Magic


You had 3 spell levels left.
You knew the following spells:

 Your Spells              Type           Power        Failure   Level  Hunger
a - Magic Dart            Conj           ###.         3%          1    None
b - Mephitic Cloud        Conj/Pois/Air  ##......     17%         3    #......
c - Call Imp              Summ           ##......     9%          2    None
d - Blink                 Tloc           N/A          9%          2    None
e - Conjure Flame         Conj/Fire      ##......     16%         3    #......

Your spell library contained the following spells:

 Spells                   Type           Power        Failure   Level  Hunger
 Slow                     Hex            #.......     13%         2    None


Dungeon Overview and Level Annotations

Branches:
Dungeon (3/15)

Altars:


Message History

You swap places.
You feel sick. The worker ant bites your crimson imp.
Your crimson imp hits the worker ant.
You feel sick. The worker ant bites your crimson imp.
Your crimson imp is poisoned.
The worker ant poisons your crimson imp!
Your crimson imp hits the worker ant.
Something bites your crimson imp!
You feel sick.
Your crimson imp blinks!
You feel sick.
You feel sick.
You feel sick.
Casting: Call Imp (safe; 9% risk of failure)
Confirm with . or Enter, or press ? or * to list all spells.
A beastly little devil appears in a puff of frigid air.
The worker ant bites you.
* * * LOW HITPOINT WARNING * * *
Unknown command.
It was a potion of cancellation.
You feel magically purged.
You die...

#.# #)# #.# #.#
#.# #.# #.#
###############.#
#...@a5....5....#
#.###############
#.# #.# #.# #.#
#.# ##.#########
#..........##.


You could see a worker ant, a friendly crimson imp (summoned) and a friendly
white imp (summoned).

Vanquished Creatures
  2 adders (D:2)
  2 worms (D:2)
  2 dart slugs (D:1)
  2 leopard geckos (D:1)
  An orc (D:3)
  4 ball pythons
  2 giant cockroaches (D:2)
  5 goblins
  7 hobgoblins
  5 kobolds
  9 bats
  2 frilled lizards (D:1)
  6 rats
49 creatures vanquished.

Notes
Turn   | Place    | Note
-------+----------+-------------------------------------------
     0 | D:1      | tempo the Deep Elf Wizard began the quest for the Orb.
     0 | D:1      | Reached XP level 1. HP: 10/10 MP: 7/7
   326 | D:1      | Reached XP level 2. HP: 10/16 MP: 3/9
   839 | D:1      | Reached skill level 5 in Spellcasting
  1111 | D:1      | Reached XP level 3. HP: 20/20 MP: 7/11
  1116 | D:1      | Learned a level 3 spell: Mephitic Cloud
  1119 | D:1      | Learned a level 2 spell: Call Imp
  1122 | D:1      | Learned a level 2 spell: Blink
  1126 | D:1      | Learned a level 3 spell: Conjure Flame
  2068 | D:2      | Reached skill level 1 in Fighting
  2068 | D:2      | Reached skill level 1 in Armour
  2194 | D:2      | Reached XP level 4. HP: 20/25 MP: 1/13
  2900 | D:3      | HP: 1/25 [worker ant (5)]
  2901 | D:3      | Succumbed to a worker ant's poison

Illustrated notes

Levels and vault maps discovered:
D:1:      lightli_arrival_windingriver, layout_loops_cross
D:2:      layout_basic, solitary_fountain
D:3:      layout_basic, first_ration

Skill      XL: |  1  2  3 |
---------------+----------+-----
Spellcasting   | 5 |  5.5
Fighting       | 1 |  1.0
Armour         | 1 |  1.0
Conjurations   | 2 |  2.3
Dodging        | |  2.4
Stealth        | |  2.4
Summonings     | |  1.1
Translocations | |  1.1
Air Magic      | |  0.2
Poison Magic   | |  0.3

Action                   |  1- 3 |  4- 6 || total
-------------------------+-------+-------++-------
Melee: Unarmed           |    11 |    24 ||    35
 Cast: Magic Dart        |   123 |    26 ||   149
       Call Imp          |       |     2 ||     2
  Use: Potion            |       |     1 ||     1
  Eat: Chunk             |     4 |     2 ||     6
Armor: Robe              |     6 |     8 ||    14
Dodge: Dodged            |    23 |    21 ||    44
